 Dungeon Crawl Stone Soup version 0.30-a0-779-g7971cf19c3 (webtiles) character file.

Game seed: 15250184219234754377

218 Wobber the Changer (level 5, -6/34 HPs)
             Began as an Octopode Transmuter on Feb 17, 2023.
             Mangled by Edmund
             ... wielding a +1 dire flail of holy wrath
              (7 damage)
             ... on level 4 of the Dungeon.
             The game lasted 00:09:45 (2570 turns).

Wobber the Changer (Octopode Transmuter)            Turns: 2570, Time: 00:09:45

Health: -6/34      AC:  5    Str:  9    XL:     5   Next: 95%
Magic:  8/9        EV: 14    Int: 16    God:
Gold:   149        SH:  0    Dex: 14    Spells: 3/9 levels left

rFire   . . .      SeeInvis .      - Unarmed
rCold   . . .      Faith    .    (no shield)
rNeg    . . .      Spirit   .    (helmet currently unavailable)
rPois   .          Reflect  .    (no amulet)
rElec   .          Harm     .    h - +4 ring of protection
rCorr   .          Rampage  .    (no ring)
Will    .....                    (no ring)
Stlth   ++                       (no ring)
HPRegen 0.25/turn                (no ring)
MPRegen 0.11/turn                (no ring)
                                 (no ring)
                                 (no ring)

@: appendages
A: tentacle spike 3, almost no armour, amphibious, 8 rings, camouflage 1,
gelatinous body 1, (nimble swimmer 1), tentacles
a: End Transformation


You were on level 4 of the Dungeon.
One of your tentacles had grown a beastly spike.
You visited 1 branch of the dungeon, and saw 4 of its levels.

You collected 149 gold pieces.

Inventory:

Hand Weapons
 a - a +2 sling of electrocution
Armour
 b - a +0 kite shield
Jewellery
 h - a +4 ring of protection (left tentacle)
 k - a ring of fire
Scrolls
 e - 2 scrolls of enchant armour
Potions
 c - a potion of flight {unknown}
 d - a potion of attraction {unknown}
 f - 2 potions of degeneration {unknown}
 g - a potion of mutation {unknown}
 i - a potion of lignification
 l - a potion of haste {unknown}
 m - 2 potions of might {unknown}


   Skills:
 - Level 2.2 Fighting
 + Level 2.9 Dodging
 - Level 3.0 Unarmed Combat
 + Level 2.8 Spellcasting
 * Level 3.4 Transmutations
 * Level 1.1 Ice Magic
 - Level 2.7 Poison Magic


You had 3 spell levels left.
You knew the following spells:

 Your Spells              Type           Power      Damage    Failure   Level
a - Beastly Appendage     Tmut           26%        N/A       4%          1
b - Wereblood             Tmut           13%        N/A       7%          2
c - Spider Form           Tmut/Pois      12%        N/A       16%         3

Your spell library contained the following spells:

 Spells                   Type           Power      Damage    Failure   Level
 Apportation              Tloc           4%         N/A       19%         1
 Tukima's Dance           Hex            2%         N/A       50%         3
 Ice Form                 Ice/Tmut       9%         N/A       58%         4
 Alistair's Intoxication  Tmut/Pois      8%         N/A       83%         5
 Passage of Golubria      Tloc           2%         N/A       88%         4
 Yara's Violent Unravell  Hex/Tmut       3%         3d4       95%         5


Dungeon Overview and Level Annotations

Branches:
Dungeon (4/15)
 Temple: D:4-7

Altars:
Dithmenos
Hepliaklqana
Nemelex Xobeh
Okawaru
Qazlal

Annotations:
D:4 Edmund, Grinder


Innate Abilities, Weirdness & Mutations

One of your tentacles has grown a beastly spike.
You cannot wear most types of armour.
You are amphibious.
You can wear up to eight rings at the same time.
Your skin changes colour to match your surroundings (Stealth+).
Your rubbery body absorbs attacks. (AC +1, EV +1)
((You are camouflaged when in or above water. (Stealth+)))
You have tentacles for arms and can constrict up to eight enemies at once.


Message History

You hear the crackle of electricity.
a - a +2 sling of electrocution (weapon)
You shoot a sling bullet. The sling bullet closely misses Edmund.
You shoot a sling bullet. The sling bullet hits Edmund.
Edmund is lightly wounded.
Your +2 sling of electrocution stops crackling.
You are now empty-tentacled.
One of your tentacles grows a vicious spike.
Edmund hits you with a +1 dire flail of holy wrath.
You tentacle-slap Edmund. You grab Edmund.
You pierce Edmund, but do no damage.
Edmund is lightly wounded.
You constrict Edmund, but do no damage.
Edmund hits you with a +1 dire flail of holy wrath!
You tentacle-slap Edmund but do no damage.
You pierce Edmund.
Edmund is moderately wounded.
You constrict Edmund.
Edmund hits you with a +1 dire flail of holy wrath!
* * * LOW HITPOINT WARNING * * *
Okay, then.
You tentacle-slap Edmund but do no damage.
You pierce Edmund.
Edmund is heavily wounded.
You constrict Edmund.
Edmund mutters, "Who needs spells, anyway?"
Edmund misses you.
You barely miss Edmund. Your squeeze misses Edmund.
Edmund is heavily wounded.
You constrict Edmund, but do no damage. Edmund misses you.
You tentacle-slap Edmund but do no damage.
You pierce Edmund, but do no damage.
Edmund is heavily wounded.
You constrict Edmund.
Edmund hits you with a +1 dire flail of holy wrath!
* * * LOW HITPOINT WARNING * * *
You tentacle-slap Edmund.
Edmund is severely wounded.
You constrict Edmund.
Edmund hits you with a +1 dire flail of holy wrath!
You die...

##.. ## ##...
##..###...#
!..#.....#
#.......#
#......#
#......##
#...<...##
#....@...#
#.....@...#
#!.###.......#
#.# ###....##
#.. #....# ...
#.... .. ....
###


You could see Edmund.

Vanquished Creatures
  Natasha (thrice) (D:2)
  7 adders
  A gnoll (D:1)
  2 worms (D:2)
  2 dart slugs
  8 orcs (D:3)
  4 endoplasms
  2 giant cockroaches
  6 goblins
  2 hobgoblins
  A quokka (D:2)
  4 ball pythons
  9 bats
  A frilled lizard (D:2)
  4 kobolds
  5 rats
61 creatures vanquished.

Notes
Turn   | Place    | Note
-------+----------+-------------------------------------------
     0 | D:1      | Wobber the Octopode Transmuter began the quest for the Orb.
     0 | D:1      | Reached XP level 1. HP: 13/13 MP: 3/3
   204 | D:1      | Reached XP level 2. HP: 18/18 MP: 3/5
   348 | D:1      | Learned a level 2 spell: Wereblood
   550 | D:1      | Reached XP level 3. HP: 23/23 MP: 4/6
   689 | D:1      | Found a faded altar of an unknown god.
   888 | D:2      | Reached skill level 1 in Ice Magic
   928 | D:2      | Noticed Natasha
   933 | D:2      | Learned a level 3 spell: Spider Form
   941 | D:2      | Killed Natasha
   942 | D:2      | Reached XP level 4. HP: 10/29 MP: 3/7
   993 | D:2      | Reached skill level 1 in Poison Magic
  1395 | D:2      | Noticed Natasha
  1400 | D:2      | Killed Natasha
  1401 | D:2      | Reached XP level 5. HP: 15/34 MP: 6/8
  1501 | D:2      | Noticed Natasha
  1531 | D:2      | Killed Natasha
  2017 | D:3      | Found a stormy altar of Qazlal.
  2017 | D:3      | Found a sparkling altar of Nemelex Xobeh.
  2020 | D:3      | Found a hazy altar of Hepliaklqana.
  2020 | D:3      | Found a shadowy altar of Dithmenos.
  2055 | D:3      | Found an iron altar of Okawaru.
  2469 | D:4      | Noticed Grinder
  2473 | D:4      | Paralysed by Grinder for 4 turns
  2558 | D:4      | Noticed Edmund
  2569 | D:4      | HP: 1/34 [Edmund/+1 dire flail of holy wrath (7)]
  2570 | D:4      | Mangled by Edmund

Illustrated notes

Levels and vault maps discovered:
D:1:      matt_arrival_los_fun, layout_loops_ring,
          hellmonk_ecumenical_altar_inner_sanctum
D:2:      minmay_chambers_of_ones, layout_rooms, bh_walls_and_bars, uniq_natasha
D:3:      layout_loops_ring, okawaru_trees_2,
          chequers_temple_overflow_statue_of_worship, kennysheep_generic_room_11
D:4:      layout_layer_cave, enter_ossuary_2, minmay_small_thing, uniq_grinder,
          uniq_pargi, uniq_edmund

Skill      XL: |  1  2  3  4  5 |
---------------+----------------+-----
Ice Magic      | 1 |  1.1
Poison Magic   | 1 2 |  2.7
Fighting       | 2 |  2.2
Transmutations | 3 |  3.4
Dodging        | |  2.9
Unarmed Combat | |  3.0
Spellcasting   | |  2.8

Action                     |  1- 3 |  4- 6 || total
---------------------------+-------+-------++-------
  Melee: Unarmed           |    47 |    79 ||   126
         Constrict         |    15 |    27 ||    42
         Kick              |    14 |    34 ||    48
         Tentacles         |     6 |    11 ||    17
         Punch             |     1 |     1 ||     2
   Fire: Sling             |       |    20 ||    20
         Shortbow          |       |     6 ||     6
   Cast: Beastly Appendage |    17 |    24 ||    41
         Wereblood         |       |     2 ||     2
    Use: Scroll            |       |     6 ||     6
   Stab: Sleeping          |     5 |     2 ||     7
 Armour: Skin              |    10 |    12 ||    22
  Dodge: Dodged            |    35 |    47 ||    82

Table legend: (Time is in decaauts)
 A = Elapsed time spent in this place.
 B = Non-inter-level travel time spent in this place.
 C = Inter-level travel time spent in this place.
 D = Time resting spent in this place.
 E = Time spent auto-exploring this place.
 F = Levels seen in this place.
 G = Mean time per level.
                   A        B        C        D        E       F      G
               +--------+--------+--------+--------+--------+-----+--------+
         Total |   2563 |   2398 |    165 |    351 |   1465 |   4 |  640.8 |
       Dungeon |   2563 |   2398 |    165 |    351 |   1465 |   4 |  640.8 |
               +--------+--------+--------+--------+--------+-----+--------+

Top non-repeatable levels by time:
     D:2: 1022 daAuts
     D:1: 878 daAuts
     D:3: 640 daAuts
     D:4: 21 daAuts
